 Dungeon Crawl Stone Soup version 0.26-a0-937-g67df3f2acb (webtiles) character file.

Game seed: 7464637461182884875

348496 Peloso the Hoplite (level 21, -7/196 HPs)
             Began as a Minotaur Fighter on Nov 26, 2020.
             Was the Champion of Okawaru.
             Killed from afar by a deep elf annihilator (62 damage)
             ... with a crystal spear
             ... on level 3 of the Elven Halls on Nov 27, 2020.
             The game lasted 02:40:29 (57084 turns).

Peloso the Hoplite (Minotaur Fighter)              Turns: 57084, Time: 02:40:30

Health: -7/196     AC: 30    Str: 29    XL:     21   Next: 23%
Magic:  22/22      EV: 15    Int:  5    God:    Okawaru [******]
Gold:   3510       SH: 25    Dex: 15    Spells: 20/20 levels left

rFire    + . .     SeeInvis .   a - +6 double sword (freeze)
rCold    + . .     Faith    .   c - +0 kite shield {reflect}
rNeg     + . .     Spirit   .   u - +2 plate armour {MR+}
rPois    +         Reflect  +   B - +1 hat
rElec    .         Harm     .   s - scarf {rC+ rF+}
rCorr    .         Rampage  +   K - +2 pair of gloves {Dex+3}
MR       ++...                  O - +1 pair of boots {rampage}
Stlth    ..........             m - amulet of Luopt {Reflect rN+ SH+5}
HPRegen  0.42/turn              h - ring of poison resistance
MPRegen  0.18/turn              v - +4 ring of slaying

@: lethally poisoned (-7 -> -7), about to teleport, heroism
A: retaliatory headbutt, horns 2
}: 2/15 runes: decaying, serpentine
a: Heroism, Finesse, Renounce Religion


You were on level 3 of the Elven Halls.
You worshipped Okawaru.
Okawaru was exalted by your worship.
You visited 7 branches of the dungeon, and saw 35 of its levels.
You also visited: Sewer, Bailey, Gauntlet and Ice Cave.

You collected 4436 gold pieces.
You spent 926 gold pieces at shops.

Inventory:

Hand Weapons
 a - a +6 double sword of freezing (weapon)
 b - a +3 scimitar of flaming
 r - the +8 falchion of Karma {antimagic, rN+ Str+4 Dex-2}
   (Okawaru gifted it to you on level 4 of the Swamp)

   It reduces the magical energy of the wielder, and disrupts the spells and
   magical abilities of those hit.
   Natural abilities and divine invocations are not affected.
   It affects your strength (+4).
   It affects your dexterity (-2).
   It protects you from negative energy.
 H - a +2 long sword of protection
Armour
 c - a +0 kite shield of reflection (worn)
 s - a scarf of resistance (worn)
 u - a +2 plate armour of magic resistance (worn)
 z - a +2 cloak of preservation
 B - a +1 hat (worn)
 D - quicksilver dragon scales
 K - a +2 pair of gloves of dexterity (worn)
 N - a +2 cloak of poison resistance
 O - a +1 pair of boots of rampaging (worn)
Jewellery
 f - an uncursed ring of protection from magic
 h - a ring of poison resistance (left hand)
 m - the amulet of Luopt (around neck) {Reflect rN+ SH+5}
   (You found it on level 4 of the Dungeon)

   [amulet of reflection]

   It shields you and reflects attacks.
   It protects you from negative energy.
   It affects your SH (+5).
 v - a +4 ring of slaying (right hand)
 w - a +4 ring of evasion
 G - an uncursed ring of fire
 P - a +6 ring of dexterity
Wands
 j - a wand of polymorph (6)
 l - a wand of iceblast (15)
 E - a wand of digging (7)
Scrolls
 e - 16 scrolls of teleportation
 g - 8 scrolls of identify
 i - 3 scrolls of fear
 k - a scroll of summoning
 q - a scroll of enchant armour
 t - 4 scrolls of immolation
 x - a scroll of blinking
 y - 3 scrolls of magic mapping
 A - a scroll of fog
 C - 11 scrolls of remove curse
 F - 4 scrolls of noise
Potions
 d - 4 potions of might
 n - 2 potions of heal wounds
 o - 3 potions of curing
 p - a potion of brilliance
 I - a potion of mutation
 R - 6 potions of haste
 T - 6 potions of flight
 U - 4 potions of resistance


   Skills:
 + Level 18.9(23.9) Fighting
 + Level 6.2(18.9) Short Blades
 + Level 20.2(25.5) Long Blades
 + Level 0.5(7.7) Axes
 + Level 4.2(9.3) Maces & Flails
 + Level 0.5(6.0) Polearms
 + Level 0.5(7.7) Staves
 + Level 0.4(5.7) Slings
 + Level 1.0(6.0) Bows
 + Level 3.1(8.1) Crossbows
 + Level 0.6(5.8) Throwing
 + Level 17.3(22.3) Armour
 + Level 6.2(11.2) Dodging
 + Level 3.5(8.5) Stealth
 + Level 24.7(27) Shields
 + Level 0.4(5.4) Unarmed Combat
 + Level 0.2 Spellcasting
 + Level 0.2 Conjurations
 + Level 0.2 Hexes
 + Level 0.2 Summonings
 + Level 0.2 Necromancy
 + Level 0.2 Translocations
 + Level 0.2 Transmutations
 + Level 0.2 Fire Magic
 + Level 0.4 Ice Magic
 + Level 0.5 Air Magic
 + Level 0.2 Earth Magic
 + Level 0.2 Poison Magic
 + Level 3.1 Invocations
 + Level 1.3 Evocations


You had 20 spell levels left.
You didn't know any spells.
Your spell library contained the following spells:

 Spells                   Type           Power        Failure   Level
 Beastly Appendage        Tmut           #.....       86%         1
 Sandblast                Erth           #.....       86%         1
 Corona                   Hex            #......      87%         1
 Magic Dart               Conj           #...         87%         1
 Sting                    Tmut/Pois      #...         87%         1
 Swiftness                Air            #.......     93%         2
 Corpse Rot               Necr/Air       N/A          94%         2
 Poisonous Vapours        Pois/Air       #.....       94%         2
 Blink                    Tloc           N/A          95%         2
 Call Imp                 Summ           #.......     95%         2
 Ensorcelled Hibernation  Hex/Ice        #.....       95%         2
 Passwall                 Tmut/Erth      #.......     95%         2
 Searing Ray              Conj           #.....       95%         2
 Slow                     Hex            #.......     95%         2
 Wereblood                Tmut           #.......     95%         2
 Confusing Touch          Hex            #.......     99%         3
 Conjure Flame            Conj/Fire      #.......     99%         3
 Dazzling Flash           Conj/Hex       #.....       99%         3
 Gell's Gravitas          Tloc           #.........   99%         3
 Ignite Poison            Fire/Tmut/Pois #.......     99%         3
 Lesser Beckoning         Tloc           #.........   99%         3
 Mephitic Cloud           Conj/Pois/Air  #.......     99%         3
 Spider Form              Tmut/Pois      #.........   99%         3
 Stone Arrow              Conj/Erth      #.....       99%         3
 Teleport Other           Tloc           #.......     99%         3
 Tukima's Dance           Hex            #.......     99%         3
 Cause Fear               Hex            #.........   100%        4
 Fulminant Prism          Conj/Hex       #.........   100%        4
 Ice Form                 Ice/Tmut       #.......     100%        4
 Iskenderun's Mystic Bla  Conj/Tloc      #.......     100%        4
 Olgreb's Toxic Radiance  Pois           #.......     100%        4
 Passage of Golubria      Tloc           N/A          100%        4
 Petrify                  Tmut/Erth      #.......     100%        4
 Blade Hands              Tmut           #.........   100%        5
 Bolt of Magma            Conj/Fire/Erth #.........   100%        5
 Fireball                 Conj/Fire      #.........   100%        5
 Iskenderun's Battlesphe  Conj           #.......     100%        5
 Lee's Rapid Deconstruct  Erth           #.........   100%        5
 Metabolic Englaciation   Hex/Ice        #.........   100%        5
 Silence                  Hex/Air        #.........   100%        5
 Summon Demon             Summ           #.........   100%        5
 Summon Forest            Summ/Tloc      #.........   100%        5
 Summon Mana Viper        Hex/Summ       #.......     100%        5
 Yara's Violent Unravell  Hex/Tmut       #.........   100%        5
 Conjure Ball Lightning   Conj/Air       #.........   100%        6
 Eringya's Noxious Bog    Tmut/Pois      #.........   100%        6
 Freezing Cloud           Conj/Ice/Air   #.........   100%        6
 Hydra Form               Tmut           #.........   100%        6
 Iron Shot                Conj/Erth      #.........   100%        6
 Ozocubu's Refrigeration  Ice            #.........   100%        6
 Shadow Creatures         Summ           N/A          100%        6
 Simulacrum               Ice/Necr       #.........   100%        6
 Starburst                Conj/Fire      #.........   100%        6
 Orb of Destruction       Conj           #.........   100%        7
 Spellforged Servitor     Conj/Summ      #.........   100%        7
 Summon Hydra             Summ           #.........   100%        7
 Discord                  Hex            #.........   100%        8
 Ignition                 Fire           #.........   100%        8
 Dragon's Call            Summ           #.........   100%        9
 Tornado                  Air            #.........   100%        9


Dungeon Overview and Level Annotations

Branches:
Dungeon (15/15)            Temple (1/1) D:7            Lair (6/6) D:8
  Swamp (4/4) Lair:4        Snake (4/4) Lair:2        Slime (0/5) Lair:6
    Orc (2/2) D:9             Elf (3/3) Orc:2        Vaults (0/5) D:13
 Depths (0/5) D:15          Sewer (visited)          Bailey (visited)
  IceCv (visited)         Gauntlet (visited)

Altars:
Ashenzari
Dithmenos
Elyvilon
Fedhas
Gozag
Hepliaklqana
Makhleb
Okawaru
Ru
Trog
Uskayaw
Wu Jian
Xom
Zin
The Shining One

Shops:
D:4 [   D:13 *   Orc:2 (:!:*   Elf:2 ?   Snake:1 (:   Snake:2 }==

Annotations:
Elf:2 3 runed translucent doors


Innate Abilities, Weirdness & Mutations

You reflexively headbutt those who attack you in melee.
You have a pair of horns on your head.


Message History

You headbutt the deep elf mage!
The deep elf mage is almost dead.
The deep elf demonologist casts a spell.
Two crawling corpses merge to form a small abomination.
The +1 vorpal halberd hits you from afar!
* * * LOW HITPOINT WARNING * * *
Unknown command.
You slice the deep elf mage!! You freeze the deep elf mage.
You kill the deep elf mage!
Okawaru accepts your kill.
Unknown command.
You slice the deep elf annihilator!! You freeze the deep elf annihilator!
You headbutt the deep elf annihilator.
The deep elf annihilator is heavily wounded.
You feel sick.
You block the +1 vorpal halberd's attack.
The earth elemental hits you but does no damage.
The deep elf annihilator casts a spell at you.
The crystal spear hits you!!!
You die...

*,,,,,,,,,*,,,,,,**,,,,,,,,,*
*,,,,,,,...##.**##(....,,,,,*
*,,,,,,,......##.(.....,,,,,*
*,,,,,,,......#........,,,,,*
*,,,,,,,...............,,,,,*
**,,,,,,.......e.......,,,,**
*,,,,**......(......#,,,,,*
**,,,**#.....(e....#**,,,**
*,,,***##...)@..#*,,#,,,*
**,,,.##.#..exE.#*#..,,**
**,,...#...(eeE#....,**
**,.......4e(......**
**#.............#**
*##....)e...### #####E#####
#x)Ex...# #§.§...##


You could see 2 deep elf master archers, a deep elf annihilator, a deep elf
death mage, a deep elf elementalist (fast, repels missiles), a deep elf
demonologist, a deep elf archer (repels missiles), 4 earth elementals, a red
devil (summoned), a small abomination, a +1 vorpal halberd and a crawling
corpse.

Vanquished Creatures
  the Lernaean hydra (Swamp:4)
  Vashnia (Snake:1)
  Nikola (Snake:1)
  Jorgrun (D:13)
  2 deep elf master archers (Elf:3)
  The ghost of stripedtigrrr the Fighter, an adept GnWn of Makhleb (Swamp:4)
  The ghost of Scypier the Executioner, an adept HOFi of the Shining One (Swamp:4)
  A deep elf blademaster (Elf:3)
  Gastronok (Lair:1)
  Frances (Swamp:2)
  Kirke (D:13)
  Donald (Snake:1)
  The ghost of fly the Nimble, an adept TrDe of the Shining One (Swamp:4)
  A thorn hunter (Swamp:1)
  9 nagarajas
  The ghost of twist the Unseen, an adept SpEn of Wu Jian (Swamp:4)
  A deep elf elementalist (Elf:3)
  Aizul (Snake:1)
  2 orc warlords
  An ironheart preserver (D:13)
  2 very ugly things (Swamp:4)
  2 bunyips
  2 deep elf demonologists
  A minotaur (Gauntlet)
  A dire elephant (D:15)
  4 deep elf annihilators
  An eleionoma (Swamp:2)
  2 green deaths (Swamp:4)
  6 deep elf death magi
  2 blizzard demons (IceCv)
  4 deep elf high priests (Elf:3)
  18 hydras
  2 great orbs of eyes
  17 naga warriors
  Erolcha (D:13)
  4 boulder beetles
  Erica (Lair:1)
  An anaconda (shapeshifter) (Elf:1)
  3 catoblepae (Lair:6)
  12 two-headed ogres
  A centaur warrior (D:13)
  2 ghost crabs
  13 anacondas
  2 ogre magi
  16 death yaks
  11 alligators
  16 dancing weapons
  14 naga sharpshooters
  5 orc high priests
  8 shock serpents
  A thrashing horror (Swamp:4)
  14 deep elf knights
  Sonja (D:10)
  7 salamander mystics
  4 hell knights (D:13)
  2 unseen horrors (D:13)
  8 bog bodies
  4 goliath frogs
  7 spriggan druids
  10 naga ritualists
  A flayed ghost (D:10)
  9 swamp dragons
  3 wizards
  10 deep elf archers
  4 necromancers
  11 orc knights
  5 lindwurms
  16 mana vipers
  9 orc sorcerers
  A wolf spider zombie (D:14)
  53 deep elf magi
  An oklob plant (Orc:1)
  3 manticores
  10 ugly things
  A wolf spider (D:15)
  4 will-o-the-wisps
  11 salamanders
  2 rust devils (D:13)
  An ice statue (IceCv)
  11 guardian serpents
  21 elephants
  40 black mambas
  2 gargoyles
  22 naga magi
  2 torpor snails
  4 orange demons
  Maggie (Lair:1)
  15 cane toads
  3 freezing wraiths (IceCv)
  15 komodo dragons
  A kobold demonologist (D:15)
  3 rime drakes
  An efreet (D:15)
  A queen bee (Lair:5)
  4 yaktaurs (D:15)
  3 golden dragon simulacra (IceCv)
  7 ice devils (IceCv)
  A tengu conjurer (D:14)
  12 trolls
  3 polar bears (Lair:6)
  3 meliai (Lair:5)
  20 tyrant leeches
  A raiju (Gauntlet)
  17 blink frogs
  A wolf spider simulacrum (IceCv)
  9 slime creatures
  2 large abominations
  5 dream sheep (Lair:6)
  A meliai zombie (D:13)
  4 shadows
  2 water elementals
  An air elemental (Elf:1)
  5 wraiths
  96 yaks
  7 hornets
  5 dire elephant simulacra (IceCv)
  A fire elemental (Elf:1)
  5 wyverns
  6 hogs (D:13)
  5 basilisks
  The ghost of Askman the Slasher, an amateur DsMo (D:3)
  A death yak simulacrum (IceCv)
  9 spriggans
  3 steam dragons
  8 vampire mosquitoes
  2 harpy simulacra (IceCv)
  16 swamp worms
  4 wargs
  45 nagas
  5 insubstantial wisps (Lair:4)
  A hydra simulacrum (IceCv)
  An acid dragon (D:15)
  24 water moccasins
  2 iron troll simulacra (IceCv)
  7 hell hounds
  2 swamp drakes (Swamp:1)
  7 black bears
  5 ice beasts
  51 orc warriors
  2 sky beasts
  A necrophage (D:11)
  15 ogres
  3 phantoms
  7 wolves
  2 alligator simulacra (IceCv)
  An eye of draining (D:14)
  2 ettin simulacra (IceCv)
  6 centaurs
  A tengu (shapeshifter) (D:15)
  7 big kobolds
  24 bullfrogs
  A gnoll sergeant (Orc:2)
  An earth elemental (Elf:3)
  3 wyvern skeletons
  4 scorpions
  30 killer bees
  11 wights
  2 electric eels
  3 lava snakes (Snake:1)
  5 howler monkeys
  A centaur zombie (D:7)
  A bullfrog zombie (D:12)
  A quasit (D:13)
  21 orc priests
  2 draconian simulacra (IceCv)
  2 bullfrog skeletons
  Crazy Yiuf (D:2)
  12 hounds
  4 jellies
  3 centaur skeletons
  5 iguanas
  22 orc wizards
  8 worker ants
  A troll simulacrum (IceCv)
  2 spriggan simulacra (IceCv)
  3 centaur simulacra (IceCv)
  A hound zombie (D:11)
  2 worker ant zombies (D:10)
  3 gnolls (D:8)
  28 adders
  A naga simulacrum (IceCv)
  6 shadow imps
  10 white imps
  7 ufetubi
  An adder zombie (D:5)
  3 oozes (Sewer)
  4 worms
  A dart slug (D:2)
  16 leopard geckos
  119 orcs
  9 giant cockroaches
  15 goblins
  12 hobgoblins
  9 jackals
  25 kobolds
  9 quokkas
  5 ball pythons
  12 bats
  4 frilled lizards
  16 rats
  A briar patch (Swamp:1)
  2 bushes (Lair:6)
  3 crawling corpses (Elf:3)
1523 creatures vanquished.

Vanquished Creatures (others)
  2 deep elf high priests (Elf:3)
  A goliath frog (Swamp:4)
  A naga mage (Snake:4)
  2 bloated husks
  A big kobold (D:3)
  An orc wizard (Orc:2)
  5 briar patches (Swamp:1)
  A crawling corpse (Elf:3)
  20 foxfires
  33 fungi
  65 plants
  4 withered plants (Gauntlet)
136 creatures vanquished.

Grand Total: 1659 creatures vanquished

Notes
Turn   | Place    | Note
-------+----------+-------------------------------------------
     0 | D:1      | Peloso the Minotaur Fighter began the quest for the Orb.
     0 | D:1      | Reached XP level 1. HP: 19/19 MP: 0/0
   246 | D:1      | Reached XP level 2. HP: 27/27 MP: 1/1
   365 | D:1      | Reached skill level 4 in Shields
   723 | D:2      | Reached XP level 3. HP: 33/33 MP: 2/2
  1355 | D:2      | Reached XP level 4. HP: 40/40 MP: 3/3
  1724 | D:2      | Found a runed translucent door.
  1725 | D:2      | Noticed Crazy Yiuf
  2163 | D:3      | Reached skill level 5 in Shields
  2273 | D:3      | Reached XP level 5. HP: 46/46 MP: 4/4
  2479 | D:3      | Found a runed translucent gate.
  2479 | D:3      | Found a runed translucent gate.
  2479 | D:3      | Noticed Askman's ghost (amateur DsMo)
  2480 | D:3      | Found a runed translucent gate.
  2750 | D:2      | Killed Crazy Yiuf
  3031 | D:4      | Found Ynewach's Antique Armour Shoppe.
  3061 | D:4      | Reached skill level 5 in Armour
  3148 | D:4      | Reached XP level 6. HP: 48/52 MP: 5/5
  3211 | D:4      | Found a sacrificial altar of Ru.
  3262 | D:4      | Found a hazy altar of Hepliaklqana.
  3418 | D:4      | Reached skill level 5 in Long Blades
  3547 | D:4      | Got a serpentine emerald amulet
  3553 | D:4      | Identified the amulet of Luopt {Reflect rN+ SH+5} (You
                  | found it on level 4 of the Dungeon)
  4023 | D:5      | Entered Level 5 of the Dungeon
  4039 | D:5      | Found an opulent altar of Gozag.
  4101 | D:5      | Found a glowing drain.
  4105 | Sewer    | Entered a sewer
  4194 | Sewer    | Reached skill level 6 in Shields
  4194 | Sewer    | Reached XP level 7. HP: 60/60 MP: 6/6
  4495 | D:5      | Found a blossoming altar of Fedhas.
  4606 | D:5      | Reached skill level 5 in Fighting
  4911 | D:5      | Reached skill level 1 in Stealth
  4911 | D:5      | Reached skill level 7 in Shields
  4911 | D:5      | Reached XP level 8. HP: 53/68 MP: 7/7
  5440 | D:6      | Reached skill level 1 in Short Blades
  5921 | D:7      | Found an ornate altar of the Wu Jian Council.
  5967 | D:7      | Reached skill level 8 in Shields
  5973 | D:7      | Found a shadowy altar of Dithmenos.
  6248 | D:7      | Reached XP level 9. HP: 74/75 MP: 8/8
  6254 | D:7      | Found a staircase to the Ecumenical Temple.
  6269 | Temple   | Entered the Ecumenical Temple
  6288 | Temple   | Became a worshipper of Warmaster Okawaru
  6510 | D:7      | Found an opulent altar of Gozag.
  6718 | D:7      | Found a white marble altar of Elyvilon.
  6871 | D:7      | Reached skill level 5 in Short Blades
  7023 | D:8      | Reached skill level 9 in Shields
  7207 | D:8      | Noticed a troll
  7227 | D:8      | Killed a troll
  7227 | D:8      | Reached * piety under Okawaru
  7429 | D:8      | Found a staircase to the Lair.
  7618 | D:8      | Reached skill level 10 in Shields
  7633 | D:8      | Reached ** piety under Okawaru
  7656 | D:8      | Reached XP level 10. HP: 37/84 MP: 9/9
  7990 | D:8      | Noticed a two-headed ogre
  8001 | D:8      | Killed a two-headed ogre
  8001 | D:8      | Reached *** piety under Okawaru
  8394 | D:9      | Reached skill level 1 in Dodging
  8501 | D:9      | Noticed a two-headed ogre
  8510 | D:9      | Killed a two-headed ogre
  8510 | D:9      | Reached **** piety under Okawaru
  8510 | D:9      | Received a gift from Okawaru
  8573 | D:9      | Reached skill level 10 in Long Blades
  8672 | D:9      | Reached skill level 11 in Shields
  9135 | D:9      | Found a staircase to the Orcish Mines.
  9245 | D:9      | Reached ***** piety under Okawaru
  9573 | D:3      | Killed Askman's ghost
  9949 | D:10     | Entered Level 10 of the Dungeon
  9955 | D:10     | Found a shimmering altar of Xom.
 10022 | D:10     | Identified the +7 mace of Indomitability {vorpal, +Fly rF+}
                  | (You found it on level 10 of the Dungeon)
 10065 | D:10     | Noticed Sonja
 10073 | D:10     | Killed Sonja
 10073 | D:10     | Received a gift from Okawaru
 10074 | D:10     | Reached XP level 11. HP: 91/94 MP: 10/10
 10098 | D:10     | Noticed a great orb of eyes
 10099 | D:10     | Noticed a flayed ghost
 10376 | D:10     | Paralysed by a great orb of eyes for 5 turns
 10385 | D:10     | Killed a flayed ghost
 10390 | D:10     | Killed a great orb of eyes
 10391 | D:10     | Reached skill level 12 in Shields
 11055 | D:11     | Noticed a brown ugly thing
 11061 | D:11     | Killed a brown ugly thing
 11228 | D:11     | Noticed a boulder beetle
 11253 | D:11     | Killed a boulder beetle
 11281 | D:11     | Noticed a two-headed ogre
 11294 | D:11     | Killed a two-headed ogre
 11365 | D:11     | Noticed an eight-headed hydra
 11371 | D:11     | Killed an eight-headed hydra
 11559 | D:11     | Received a gift from Okawaru
 11560 | D:11     | Reached skill level 10 in Armour
 11568 | D:11     | Got a faintly humming buckler {god gift}
 11574 | D:11     | Identified the +0 buckler "Dodulaol" {Rampage Str+2 Dex-5}
                  | (Okawaru gifted it to you on level 11 of the Dungeon)
 11729 | D:11     | Reached skill level 1 in Maces & Flails
 11948 | D:11     | Reached XP level 12. HP: 91/104 MP: 11/11
 12261 | D:12     | You fall into a shaft and drop 2 floors!
 12277 | D:14     | Found a flagged portal.
 12313 | Bailey   | Entered a bailey
 12986 | Bailey   | Found a roughly hewn altar of Beogh.
 13007 | Bailey   | Reached skill level 1 in Crossbows
 13007 | Bailey   | Reached skill level 13 in Shields
 13337 | D:14     | Noticed an eight-headed hydra
 13352 | D:14     | Killed an eight-headed hydra
 13727 | D:13     | Noticed a two-headed ogre
 13732 | D:13     | Killed a two-headed ogre
 13757 | D:13     | Noticed Erolcha
 13762 | D:13     | Killed Erolcha
 13856 | D:12     | Noticed a two-headed ogre
 13869 | D:12     | Killed a two-headed ogre
 13870 | D:12     | Reached skill level 1 in Invocations
 14381 | D:12     | Reached skill level 10 in Fighting
 14942 | Lair:1   | Entered Level 1 of the Lair of Beasts
 14956 | Lair:1   | Noticed Maggie
 14963 | Lair:1   | Killed Maggie
 15085 | Lair:1   | Noticed Erica
 15094 | Lair:1   | Killed Erica
 15094 | Lair:1   | Received a gift from Okawaru
 15095 | Lair:1   | Reached skill level 14 in Shields
 15770 | Lair:1   | Reached XP level 13. HP: 112/114 MP: 12/12
 15806 | Lair:1   | Noticed Gastronok
 15856 | Lair:1   | Killed Gastronok
 16552 | Lair:2   | Found a gate leading to a gauntlet.
 16569 | Gauntlet | Entered a Gauntlet
 16569 | Gauntlet | Found a transporter.
 16569 | Gauntlet | Found a transporter.
 16576 | Gauntlet | Found a transporter.
 16592 | Gauntlet | Found a transporter.
 16609 | Gauntlet | Found a transporter.
 16623 | Gauntlet | Found a transporter.
 16644 | Gauntlet | Found a transporter.
 16719 | Gauntlet | Found a transporter.
 16731 | Gauntlet | Found a transporter.
 16748 | Gauntlet | Found a transporter.
 16761 | Gauntlet | Found a transporter.
 16763 | Gauntlet | Found a large runed translucent door.
 16764 | Gauntlet | Found a large runed translucent door.
 16765 | Gauntlet | Found a large runed translucent door.
 16765 | Gauntlet | Found a large runed translucent door.
 16765 | Gauntlet | Found a runed translucent door.
 16765 | Gauntlet | Found a runed translucent door.
 16766 | Gauntlet | Found a large runed translucent door.
 16767 | Gauntlet | Found a large runed translucent door.
 16767 | Gauntlet | Found a large runed translucent door.
 16767 | Gauntlet | Found a large runed translucent door.
 16768 | Gauntlet | Found a large runed translucent door.
 16769 | Gauntlet | Found a large runed translucent door.
 16774 | Gauntlet | Found a large runed translucent door.
 16774 | Gauntlet | Found a large runed translucent door.
 16775 | Gauntlet | Found a large runed translucent door.
 16775 | Gauntlet | Found a large runed translucent door.
 16775 | Gauntlet | Found a large runed translucent door.
 16775 | Gauntlet | Found a large runed translucent door.
 16778 | Gauntlet | Found a runed translucent gate.
 16778 | Gauntlet | Found a runed translucent gate.
 16778 | Gauntlet | Found a runed translucent gate.
 16780 | Gauntlet | Found a transporter.
 16864 | Gauntlet | Found a transporter.
 16864 | Gauntlet | Found a transporter.
 16877 | Gauntlet | Found a transporter.
 16880 | Gauntlet | Found a transporter.
 17093 | Gauntlet | Got a clouded platinum ring
 17095 | Gauntlet | Identified the ring of Cyit {rN+ MR- EV+4 Str+3} (You found
                  | it in a Gauntlet)
 17135 | Gauntlet | Received a gift from Okawaru
 17480 | Gauntlet | Noticed a minotaur
 17481 | Gauntlet | Found the +2 robe of Vines {NoPotionHeal Regen+7}
 17494 | Gauntlet | Killed a minotaur
 17501 | Gauntlet | Got a fine cloak
 17506 | Gauntlet | Identified the Papyrus of the Supportive Birds
 17536 | Gauntlet | Identified the -4 cloak of Complete Protection {rPois} (You
                  | found it in a Gauntlet)
 17838 | Lair:2   | Found a staircase to the Snake Pit.
 17886 | Lair:2   | Reached skill level 15 in Shields
 18414 | Lair:2   | Upgraded the game from 0.26-a0-926-g43279f1ce9 to
                  | 0.26-a0-937-g67df3f2acb
 18550 | Lair:3   | Received a gift from Okawaru
 18741 | Lair:3   | Reached ****** piety under Okawaru
 19096 | Lair:3   | Reached XP level 14. HP: 125/125 MP: 14/14
 20067 | Lair:4   | Found a staircase to the Swamp.
 20074 | Lair:4   | Reached skill level 16 in Shields
 21743 | D:13     | Noticed Kirke
 21928 | D:13     | Noticed an ironheart preserver
 21946 | D:13     | Reached skill level 15 in Long Blades
 22096 | D:13     | Found a gate to the Vaults.
 22119 | D:13     | Killed an ironheart preserver
 22193 | D:13     | Received a gift from Okawaru
 22529 | D:13     | Found Zalepoci's Pet Rocks.
 22557 | D:13     | Bought a wand of digging (6) for 340 gold pieces
 22704 | D:13     | Noticed Jorgrun
 23023 | D:13     | Found a runed translucent door.
 23467 | D:13     | Killed Kirke
 23468 | D:13     | Reached skill level 17 in Shields
 23559 | D:13     | Killed Jorgrun
 24088 | Orc:1    | Entered Level 1 of the Orcish Mines
 24207 | Orc:2    | Entered Level 2 of the Orcish Mines
 24440 | Orc:2    | Noticed an orc warlord
 24607 | Orc:1    | Killed an orc warlord
 24924 | Orc:2    | Found a staircase to the Elven Halls.
 24946 | Orc:2    | Noticed an orc warlord
 25046 | Orc:2    | Killed an orc warlord
 25059 | Orc:1    | Reached XP level 15. HP: 87/134 MP: 16/16
 25447 | Orc:2    | Received a gift from Okawaru
 25517 | Orc:2    | Got a smoking plate armour {god gift}
 25528 | Orc:2    | Identified the +2 plate armour "Ycaz" {+Inv +Fly rPois
                  | MP+9} (Okawaru gifted it to you on level 2 of the Orcish
                  | Mines)
 25713 | Orc:2    | Found Lamibid's Antique Weapon Boutique.
 26241 | Orc:2    | Found Jearghim's Distillery.
 26241 | Orc:2    | Found Efiedau's Book Boutique.
 26257 | Orc:2    | Found Uskusel's General Store.
 26257 | Orc:2    | Found Cyxtim's Book Boutique.
 27029 | Orc:1    | Reached skill level 18 in Shields
 28113 | Lair:5   | Received a gift from Okawaru
 28904 | Lair:5   | Received a gift from Okawaru
 29111 | Lair:6   | Entered Level 6 of the Lair of Beasts
 29403 | Lair:6   | Reached skill level 19 in Shields
 29912 | Lair:6   | Reached XP level 16. HP: 145/145 MP: 17/17
 30083 | Lair:6   | Found a staircase to the Slime Pits.
 30304 | Lair:6   | Received a gift from Okawaru
 31747 | Orc:2    | Bought a scroll of enchant weapon for 127 gold pieces
 31747 | Orc:2    | Bought a scroll of immolation for 59 gold pieces
 31747 | Orc:2    | Bought 2 potions of haste for 340 gold pieces
 31974 | D:13     | Reached skill level 5 in Dodging
 33022 | D:15     | Entered Level 15 of the Dungeon
 33103 | D:15     | Reached skill level 20 in Shields
 33222 | D:15     | Received a gift from Okawaru
 33246 | D:15     | HP: 2/147 [yaktaur/bolt (27)]
 33657 | D:15     | Got a faintly humming cloak {god gift}
 33668 | D:15     | Identified the +0 cloak "Tizocsye" {Harm rCorr} (Okawaru
                  | gifted it to you on level 15 of the Dungeon)
 33903 | D:15     | Found a staircase to the Depths.
 34558 | Elf:1    | Entered Level 1 of the Elven Halls
 35108 | Elf:1    | Reached skill level 15 in Armour
 35479 | Elf:1    | Reached XP level 17. HP: 152/154 MP: 18/18
 35668 | Elf:1    | Reached skill level 15 in Fighting
 35757 | Elf:1    | Identified the cursed +3 hand axe of Inflation {vorpal,
                  | Dex+5} (You found it on level 1 of the Elven Halls)
 35809 | Elf:1    | Got an encrusted falchion
 35810 | Elf:1    | Identified the +4 falchion "Hiravoff" {venom, +Blink} (You
                  | found it on level 1 of the Elven Halls)
 36057 | Elf:1    | Received a gift from Okawaru
 36270 | Elf:2    | Found Zahongoe's Magic Scroll Emporium.
 36283 | Elf:2    | Bought a scroll of identify for 22 gold pieces
 36301 | Elf:3    | Entered Level 3 of the Elven Halls
 36494 | Swamp:1  | Entered Level 1 of the Swamp
 36667 | Swamp:1  | Found a frozen archway.
 36683 | IceCv    | Entered an ice cave
 36995 | IceCv    | Reached skill level 21 in Shields
 37107 | IceCv    | Got a faintly glowing battleaxe
 39139 | Swamp:1  | Received a gift from Okawaru
 39810 | Swamp:2  | Received a gift from Okawaru
 40192 | Swamp:2  | Reached skill level 1 in Bows
 40192 | Swamp:2  | Reached XP level 18. HP: 166/166 MP: 19/19
 40220 | Swamp:2  | Noticed Frances
 40228 | Swamp:2  | Killed Frances
 40282 | Swamp:2  | Received a gift from Okawaru
 40608 | Swamp:4  | Entered Level 4 of the Swamp
 40882 | Swamp:3  | Paralysed by a hornet for 3 turns
 41857 | Snake:1  | Entered Level 1 of the Snake Pit
 41944 | Snake:1  | Reached XP level 19. HP: 121/172 MP: 20/20
 42288 | Snake:1  | Reached skill level 22 in Shields
 42291 | Snake:1  | Noticed Aizul
 42306 | Snake:1  | Killed Aizul
 42311 | Snake:1  | Noticed Nikola
 42458 | Snake:1  | Killed Nikola
 42779 | Snake:1  | Found Daabluh's Book Shop.
 42803 | Snake:1  | Noticed Donald
 42828 | Snake:1  | Killed Donald
 42828 | Snake:1  | Received a gift from Okawaru
 42854 | Snake:1  | Got an ichor-stained demon whip {god gift}
 43023 | Snake:1  | Found Ohiur's Weapon Shoppe.
 43145 | Snake:2  | Noticed Vashnia
 43927 | Snake:1  | Killed Vashnia
 44617 | Snake:2  | Found Ymnutah's Jewellery Emporium.
 44629 | Snake:2  | Found Ycyreg's Gadget Shop.
 44630 | Snake:2  | Found Tevatial's Jewellery Emporium.
 44867 | Snake:2  | Received a gift from Okawaru
 44875 | Snake:2  | Got a pair of dazzling gloves {god gift}
 44886 | Snake:2  | Identified the +0 pair of gloves of Slovenliness {+Blink
                  | rF+} (Okawaru gifted it to you on level 2 of the Snake Pit)
 45277 | Lair:6   | Lost intelligence.
 45277 | Lair:6   | Identified the +10 demon whip "Gafeq" {vorpal, rPois Str+2
                  | Int-5 SInv} (Okawaru gifted it to you on level 1 of the
                  | Snake Pit)
 45402 | Lair:6   | Identified the cursed +0 battleaxe of Conscience {vorpal,
                  | rPois rF+ Dex+2} (You found it in an ice cave)
 45844 | Snake:3  | Reached skill level 1 in Evocations
 46286 | Snake:4  | Entered Level 4 of the Snake Pit
 46650 | Snake:3  | Reached skill level 23 in Shields
 49470 | Snake:4  | Reached XP level 20. HP: 169/184 MP: 21/21
 50005 | Snake:4  | Received a gift from Okawaru
 50233 | Snake:4  | HP: 9/184 [something (10)]
 51462 | Snake:4  | Got a serpentine rune of Zot
 52142 | Swamp:4  | Found a runed translucent gate.
 52142 | Swamp:4  | Found a runed translucent gate.
 52142 | Swamp:4  | Found a runed translucent gate.
 52142 | Swamp:4  | Noticed Scypier's ghost (adept HOFi)
 52176 | Swamp:4  | Noticed twist's ghost (adept SpEn)
 52176 | Swamp:4  | Noticed fly's ghost (adept TrDe)
 52177 | Swamp:4  | Noticed stripedtigrrr's ghost (adept GnWn)
 52505 | Swamp:4  | Received a gift from Okawaru
 52910 | Swamp:4  | Reached skill level 24 in Shields
 52928 | Swamp:4  | Identified the +8 falchion of Karma {antimagic, rN+ Str+4
                  | Dex-2} (Okawaru gifted it to you on level 4 of the Swamp)
 53189 | Swamp:4  | Noticed the 27-headed Lernaean hydra
 53196 | Swamp:4  | Killed the 27-headed Lernaean hydra
 53451 | Swamp:4  | Got a decaying rune of Zot
 54344 | Swamp:4  | Killed twist's ghost
 54375 | Swamp:4  | Killed stripedtigrrr's ghost
 54405 | Swamp:4  | Killed Scypier's ghost
 54443 | Swamp:4  | Killed fly's ghost
 54815 | Elf:3    | Received a gift from Okawaru
 55280 | Elf:2    | Bought a scroll of immolation for 38 gold pieces
 55292 | Elf:2    | Found a runed translucent gate.
 55292 | Elf:2    | Found a runed translucent gate.
 55292 | Elf:2    | Found a runed translucent gate.
 56118 | Elf:3    | Reached XP level 21. HP: 195/195 MP: 22/22
 56634 | Elf:3    | Identified the cursed +0 plate armour "Cuevutag" {rF-
                  | Int+9}
 56634 | Elf:3    | Identified the ring of Iwopamus {Wiz rC++ Str+4 Int+3}
 57049 | Elf:3    | Received a gift from Okawaru
 57064 | Elf:3    | Identified the +7 dagger "Unyec" {flame, MR- Str+5}
 57084 | Elf:3    | Killed from afar by a deep elf annihilator

Illustrated notes

Levels and vault maps discovered:
D:1:      dpeg_arrival_boxes_within_box, layout_rooms
D:2:      layout_basic, minmay_fractal_squares_5, uniq_crazy_yiuf_cottage
D:3:      corexii_shack_village, layout_rooms, gammafunk_ghost_nasty_kobolds
D:4:      layout_basic, kennysheep_mini, kennysheep_little_box, serial_shops,
          shop_statue
D:5:      layout_basic, nicolae_overflow_hidden_temple, gup_sewer_entry_bowl,
          grunt_gozag_statues
D:6:      layout_cave_pools
D:7:      layout_basic, nicolae_overflow_crystal_walls, lemuel_crystal_altar,
          lemuel_crystal_altar, nicolae_dithmenos_shadow_blocks,
          minmay_temple_entry_large_hall, lightli_orcish_oven
D:8:      layout_loops_ring, erik_lair_island, wad_rectangle_vault
D:9:      layout_basic, orc_0_dummy, special_room [special_room_orc]
D:10:     minmay_the_grid_four_pointed_star_mashed
          [minmay_the_grid_triangle_9x9_dagger,
          minmay_the_grid_triangle_9x9_impossible_snake,
          minmay_the_grid_triangle_9x9_zippers_horizontal,
          minmay_the_grid_triangle_9x9_alien,
          minmay_the_grid_prize_diamond_cup], layout_cave_pools, basic_altar,
          uniq_sonja
D:11:     layout_loops_ring
D:12:     layout_basic
D:13:     mludivico_vault, layout_loops_ring, skrybe_vaults_entry_preservation,
          grunt_ogre_cave, guppyfry_shop_earth, uniq_kirke, uniq_erolcha,
          uniq_jorgrun
D:14:     layout_irregular_city, enter_bailey_6
D:15:     hangedman_depths_entry_try_elsewhere_first, layout_small_grid,
          nrook_mini_backslash
Temple:   regret_index_temple_waves
Lair:1:   layout_chaotic_city, pond, uniq_erica, uniq_maggie, uniq_gastronok
Lair:2:   layout_roguey, minmay_snake_entry_six_corridors,
          gauntlet_entry_generic
Lair:3:   layout_chaotic_city, chequers_serial_rivers_micro_a
Lair:4:   layout_cave_pods, minmay_swamp_entry_wisps, lemuel_fruit_tree,
          serial_bayou_shore_a
Lair:5:   cheibrodos_lair_overgrown_chateau, layout_concentric_octagons,
          special_room [special_room_bee], st_stairs_8, minivault_25,
          gammafunk_lair_bear_cave, serial_bayou_shore_b
Lair:6:   evilmike_catoblepas_cave, layout_cave_shapes, dpeg_slime_entry_corner,
          chequers_serial_rivers_small_b
Swamp:1:  layout_basic_swamp, portal_ice_cave_entry_pillars_four,
          evilmike_swamp_ruin_house_5, swamp_pool2, hangedman_swamp_diagram,
          hangedman_swamp_wriggling, infiniplex_staircase_pool_2
Swamp:2:  layout_basic_swamp, evilmike_swamp_ruin_house_4, uniq_frances
Swamp:3:  layout_basic_swamp, evilmike_swamp_ruin_house_2, swamp_pool5
Swamp:4:  swamp_vile, layout_basic_swamp, gammafunk_ghost_cemetery, swamp_pool2
Snake:1:  layout_grid_shapes, serial_shops, shop, minmay_shop_grid_forest,
          grunt_ministairs_9, nicolae_snake_lava_pool, uniq_aizul, uniq_donald,
          uniq_nikola
Snake:2:  layout_cave_pods, hangedman_snake_thin_pillar_pass, minmay_shop_grove,
          uniq_vashnia
Snake:3:  layout_concentric_octagons
Snake:4:  snake_pit_salamanders_mu, layout_cave_town
Orc:1:    layout_caves, special_room [special_room_orc], mines3_lemuel
Orc:2:    grunt_orc_tribal_feast, layout_caves, serial_shops, shop,
          special_room, sword_in_stone
Elf:1:    minmay_elf_arrival_summoners, layout_geoelf_grid,
          hangedman_elven_crosses_minicolossus, minmay_fountain_box
Elf:2:    layout_geoelf_diagonals, serial_shops, nicolae_shop_stone, uniq_agnes
Elf:3:    minmay_elf_hall_circle, layout_geoelf_octagon

Skill      XL: |  1  2  3  4  5  6  7  8  9 10 11 12 13 14 15 16 17 18 19 20 21 |
---------------+----------------------------------------------------------------+-----
Fighting       | 4 5 6 8 9 10 11 12 13 14 15 16 17 18 | 18.9
Armour         | 4 5 6 7 8 10 11 12 13 14 15 16 17 | 17.3
Shields        | 4 5 6 7 8 10 11 12 14 15 17 19 20 21 23 24 | 24.7
Long Blades    | 3 4 5 7 8 11 12 14 15 16 17 18 19 20 | 20.2
Stealth        | 1 2 3 |  3.5
Short Blades   | 4 6 |  6.2
Dodging        | 1 2 4 5 6 |  6.2
Maces & Flails | 2 3 4 |  4.2
Crossbows      | 3 |  3.1
Invocations    | 1 2 3 |  3.1
Bows           | 1 |  1.0
Evocations     | 1 |  1.3
Axes           | |  0.5
Polearms       | |  0.5
Staves         | |  0.5
Slings         | |  0.4
Throwing       | |  0.6
Unarmed Combat | |  0.4
Spellcasting   | |  0.2
Conjurations   | |  0.2
Hexes          | |  0.2
Summonings     | |  0.2
Necromancy     | |  0.2
Translocations | |  0.2
Transmutations | |  0.2
Fire Magic     | |  0.2
Ice Magic      | |  0.4
Air Magic      | |  0.5
Earth Magic    | |  0.2
Poison Magic   | |  0.2

Action                   |  1- 3 |  4- 6 |  7- 9 | 10-12 | 13-15 | 16-18 | 19-21 || total
-------------------------+-------+-------+-------+-------+-------+-------+-------++-------
Melee: Long sword        |    94 |   202 |   160 |     8 |       |       |       ||   464
       Headbutt          |    12 |    40 |    71 |   149 |   471 |   302 |   300 ||  1345
       Short sword       |       |       |   184 |       |       |       |       ||   184
       Scimitar          |       |       |       |   585 |   784 |    12 |       ||  1381
       Demon whip        |       |       |       |    12 |    22 |       |       ||    34
       Double sword      |       |       |       |       |   661 |  1003 |  1117 ||  2781
 Fire: Hand crossbow     |       |       |       |    18 |       |       |       ||    18
Invok: Heroism           |       |       |       |     6 |    16 |     3 |    10 ||    35
       Finesse           |       |       |       |       |     2 |       |       ||     2
Evoke: Wand              |       |       |       |     1 |     3 |     6 |    10 ||    20
  Use: Scroll            |       |    11 |     3 |    12 |     8 |    13 |    12 ||    59
       Potion            |       |     3 |     3 |     2 |     4 |     8 |     2 ||    22
 Stab: Confused          |       |       |       |     2 |       |       |       ||     2
       Distracted        |       |       |       |       |     1 |       |     2 ||     3
       Petrified         |       |       |       |       |       |     2 |       ||     2
       Petrifying        |       |       |       |       |       |     1 |       ||     1
Armor: Scale mail        |    44 |     5 |       |       |       |       |       ||    49
       Chain mail        |       |    17 |       |       |       |       |       ||    17
       Plate armour      |       |    80 |   115 |   233 |   404 |   248 |   350 ||  1430
       Fire dragon scale |       |       |       |       |   128 |       |       ||   128
Dodge: Dodged            |    31 |    36 |    38 |    90 |   270 |   146 |   237 ||   848
Block: Kite shield       |    45 |   118 |   260 |   524 |   265 |       |   971 ||  2183
       Reflection        |       |       |     6 |    59 |    43 |    74 |   184 ||   366
       Tower shield      |       |       |       |       |  1661 |  1138 |   112 ||  2911
       Rpst.: Long sword |    13 |    12 |     5 |       |       |       |       ||    30
       Scimitar          |       |       |       |    17 |    34 |       |       ||    51
       Double sword      |       |       |       |       |    21 |    18 |    35 ||    74

Table legend: (Time is in decaauts)
 A = Elapsed time spent in this place.
 B = Non-inter-level travel time spent in this place.
 C = Inter-level travel time spent in this place.
 D = Time resting spent in this place.
 E = Time spent auto-exploring this place.
 F = Levels seen in this place.
 G = Mean time per level.
                   A        B        C        D        E       F      G
               +--------+--------+--------+--------+--------+-----+--------+
         Total |  56535 |  53135 |   3400 |  12436 |  27361 |  39 | 1449.6 |
       Dungeon |  19169 |  17572 |   1597 |   1739 |  11713 |  15 | 1277.9 |
        Temple |     37 |     37 |      0 |      0 |     13 |   1 |   37.0 |
          Lair |  10217 |   9202 |   1015 |    855 |   5681 |   6 | 1702.8 |
         Swamp |   5960 |   5729 |    231 |   1799 |   2707 |   4 | 1490.0 |
     Snake Pit |   9076 |   8831 |    245 |   3883 |   3383 |   4 | 2269.0 |
  Orcish Mines |   3670 |   3475 |    195 |   1541 |   1038 |   2 | 1835.0 |
   Elven Halls |   3730 |   3615 |    115 |    979 |   1569 |   3 | 1243.3 |
         Sewer |    448 |    448 |      0 |      0 |    174 |   1 |  448.0 |
        Bailey |    969 |    969 |      0 |    280 |    190 |   1 |  969.0 |
      Ice Cave |   2294 |   2294 |      0 |   1127 |    810 |   1 | 2294.0 |
      Gauntlet |    962 |    962 |      0 |    232 |     80 |   1 |  962.0 |
               +--------+--------+--------+--------+--------+-----+--------+

Top non-repeatable levels by time:
 Snake:4: 4054 daAuts
    D:13: 3010 daAuts
 Swamp:4: 2818 daAuts
  Lair:6: 2425 daAuts
   IceCv: 2294 daAuts
   Orc:2: 2241 daAuts
  Lair:5: 2215 daAuts
 Snake:1: 2081 daAuts
  Lair:4: 1833 daAuts
 Snake:3: 1751 daAuts
  Lair:1: 1652 daAuts
     D:8: 1645 daAuts
   Elf:3: 1640 daAuts
    D:12: 1571 daAuts
     D:9: 1569 daAuts
